 Dungeon Crawl Stone Soup version 0.30-a0-949-g53dc5368d7 (webtiles) character file.

Game seed: 6642264685462276172

1404 ytrimaz the Cleaver (level 9, -3/64 HPs)
             Began as a Formicid Fighter on Mar 28, 2023.
             Was a Follower of Okawaru.
             Slain by a steam dragon (7 damage)
             ... on level 7 of the Dungeon.
             The game lasted 00:07:52 (5341 turns).

ytrimaz the Cleaver (Formicid Fighter)              Turns: 5341, Time: 00:07:52

Health: -3/64      AC: 12    Str: 25    XL:     9   Next: 1%
Magic:  9/9        EV:  9    Int:  8    God:    Okawaru [*.....]
Gold:   327        SH:  0    Dex: 13    Spells: 8/8 levels left

rFire   . . .      SeeInvis +    a - +1 war axe
rCold   . . .      Faith    .    c - +0 buckler
rNeg    . . .      Spirit   .    b - +0 scale mail
rPois   .          Reflect  +    (helmet unavailable)
rElec   .          Rampage  .    o - +0 cloak
rCorr   .                        f - +0 pair of gloves
Will    .....                    m - +2 pair of boots Stlth
                                 q - amulet of reflection
HPRegen 0.30/turn                (no ring)
MPRegen 0.11/turn                (no ring)

@: confused, mighty
A: permanent stasis, dig shafts and tunnels, antennae 3, four strong arms
a: Dig, Shaft Self, Renounce Religion, Heroism


You were on level 7 of the Dungeon.
You worshipped Okawaru.
Okawaru was aware of your devotion.
You visited 2 branches of the dungeon, and saw 8 of its levels.

You collected 327 gold pieces.


Innate Abilities, Weirdness & Mutations

You cannot be hasted, slowed, berserked, paralysed or teleported.
You can dig through walls and to a lower floor.
You have a pair of large antennae on your head. (SInv)
Your four strong arms can wield two-handed weapons with a shield.


   Skills:
 - Level 3.2 Fighting
 + Level 10.6 Axes
 - Level 3.2 Armour
 - Level 4.0 Shields


You had 8 spell levels left.
You didn't know any spells.
Your spell library contained the following spells:

 Spells                   Type           Power      Damage    Failure   Level
 Ensorcelled Hibernation  Hex/Ice        0%         N/A       88%         2
 Passwall                 Tmut/Erth      0%         N/A       88%         2
 Swiftness                Air            Unusable   N/A       N/A         3

Inventory:

Hand Weapons
 a - a +1 war axe (weapon)
Missiles
 v - 6 boomerangs
Armour
 b - a +0 scale mail (worn)
 c - a +0 buckler (worn)
 f - a +0 pair of gloves (worn)
   (You found it on level 2 of the Dungeon)
 m - a +2 pair of boots (worn)
   (You found it on level 1 of the Dungeon)
 o - a +0 cloak (worn)
   (You found it on level 2 of the Dungeon)
Jewellery
 e - a ring of wizardry
   (You found it on level 2 of the Dungeon)
 q - an amulet of reflection (around neck)
   (You found it on level 6 of the Dungeon)
Wands
 w - a wand of flame (6)
   (You found it on level 6 of the Dungeon)
Scrolls
 g - a scroll of fear
 j - a scroll of enchant weapon
 p - a scroll of amnesia
Potions
 d - 2 potions of might
 h - 2 potions of resistance
 k - a potion of lignification
 l - a potion of heal wounds
 n - a potion of flight
 s - 3 potions of brilliance
 t - a potion of cancellation {unknown}
 u - a potion of mutation {unknown}
 z - a potion of haste {unknown}
 A - a potion of attraction {unknown}

Dungeon Overview and Level Annotations

Branches:
Dungeon (7/15) Zot: 26665  Temple (1/1) D:5 Zot: 5923

Altars:
Cheibriados
Dithmenos
Elyvilon
Fedhas
Gozag
Kikubaaqudgha
Makhleb
Nemelex Xobeh
Okawaru
Ru
Sif Muna
Trog
Uskayaw
Vehumet
Yredelemnul
Zin
The Shining One

Shops:
D:1 *   D:3 (   D:4 (

Annotations:
D:7 Maggie

#. ..... ## #.##....
#..####+#..
##.(....###....#..#...
#.......#...............
#..................##.#
#......)# #..........##
#...#<..###§...........
#> #....#..§........$.
###..##§@@§..?.....
####....§Do.......#
#....#..#§§).......
#.#....#..#)......###
......................
...............>..##.##
..#.........).....# # .
##.........#....#
....###............


You could see Maggie, a steam dragon and an orc wizard (invisible).


Message History

😕 HP[-1]
You take 1 damage, and now have 57/58 hp.
You hit the orc priest but do no damage.
You hit the orc wizard.
The orc priest hits you but does no damage.
The orc wizard hits you with a +0 dagger.
Maggie mumbles the words to a spell, but in the wrong order.
Unknown command.
You slash the orc priest! You barely miss the orc wizard. You slash Maggie!
You miss the orc wizard. The orc priest barely misses you.
The orc wizard hits you but does no damage. x2
Maggie says, "If you die in the Dungeon, but nobody's around to see it, does it really matter?"
Maggie hits you but does no damage.
The orc wizard points at you and mumbles some strange words.
The puff of flame hits you!
Maggie gestures wildly while chanting.
Maggie attempts to bespell you!
You easily resist. 😕 HP[-12]
You take 12 damage, and now have 45/58 hp.
MASSIVE DAMAGE!! (PAUSE)
The orc wizard attacks as you move away!
The orc wizard hits you but does no damage.
You are electrocuted!
The orc priest looks satisfied for a moment. 😮 HP[-14]
You take 14 damage, and now have 31/58 hp.
MASSIVE DAMAGE!! (PAUSE)
You bump into the rock wall.
The orc wizard hits you with a +0 dagger of electrocution.
* * * LOW HITPOINT WARNING * * *
The orc wizard hits you but does no damage.
Maggie says, "Fear not.
I will immortalize you in the tale of my first kill."
Maggie casts a spell.
Maggie attempts to bespell you! You resist with some effort. 😨 HP[-3]
You take 3 damage, and now have 28/58 hp.
The orc priest misses you. The orc wizard barely misses you.
Unknown command.
You slash the orc priest!
You kill the orc priest!
Okawaru accepts your kill.
You slash the orc wizard!
You kill the orc wizard!
Okawaru accepts your kill.
You slash Maggie! You closely miss the orc wizard.
The orc wizard hits you but does no damage.
Maggie gestures at you while chanting. The bolt of fire misses you.
You have reached level 9!
Your experience leads to an increase in your attributes!
Increase (S)trength, (I)ntelligence, or (D)exterity?
You feel stronger. x2 😨 HP[+3] MP[+1]
You now have 64 max hp (+6).
You regained 3 hp, and now have 31/64 hp.
Your mp is fully restored (9).
Unknown command.
The steam dragon bites you.
* * * LOW HITPOINT WARNING * * *
The steam dragon claws you but does no damage.
The orc wizard gestures wildly while chanting.
The orc wizard flickers and vanishes for a moment.
Maggie hits you with a +0 long sword.
* * * LOW HITPOINT WARNING * * *
😨 HP[-6]
You take 6 damage, and now have 25/64 hp.
Unknown command.
Unknown command.
The steam dragon attacks as you move away!
The steam dragon closely misses you.
The steam dragon claws you but does no damage.
The orc wizard points at you and mumbles some strange words.
The magic dart hits you.
* * * LOW HITPOINT WARNING * * *
The steam dragon breathes steam at you. The ball of steam hits you.
* * * LOW HITPOINT WARNING * * *
You hear a croak. 😨 HP[-5]
You take 5 damage, and now have 20/64 hp.
Unknown command.
Okay, then.
Unknown command.
You miss Maggie.
You are engulfed in a cloud of scalding steam.
Maggie is engulfed in a cloud of scalding steam.
Maggie hits you with a +0 long sword.
* * * LOW HITPOINT WARNING * * *
😱 HP[-5]
You take 5 damage, and now have 15/64 hp.
Unknown command.
Unknown command.
You barely miss Maggie. You closely miss the steam dragon.
You are engulfed in a cloud of scalding steam.
* * * LOW HITPOINT WARNING * * *
The steam dragon closely misses you. The steam dragon completely misses you.
Maggie is engulfed in a cloud of scalding steam.
Maggie barely misses you. Maggie hits you but does no damage.
The steam dragon bites you!
You die...

Skill      XL: |  1  2  3  4  5  6  7  8 |
---------------+-------------------------+-----
Axes           | 3 4 5 6 8 10 | 10.6
Fighting       | |  3.2
Armour         | |  3.2
Shields        | |  4.0

Action                     |  1- 3 |  4- 6 |  7- 9 || total
---------------------------+-------+-------+-------++-------
  Melee: War axe           |    70 |    84 |   188 ||   342
    Use: Scroll            |     4 |     6 |     6 ||    16
         Potion            |       |       |     6 ||     6
 Armour: Scale mail        |    39 |    40 |   109 ||   188
         Skin              |       |       |     2 ||     2
  Dodge: Dodged            |    37 |    45 |    84 ||   166
  Block: Buckler           |    21 |    20 |    67 ||   108
         Reflection        |       |       |     1 ||     1

Levels and vault maps discovered:
D:1:      doesnt_arrival_eight_statues, layout_loops_ring, serial_shops,
          shop_statue
D:2:      layout_rooms, serial_bayou, serial_bayou_crossing,
          serial_bayou_shore_a, serial_bayou_shore_b, serial_bayou_ford_a
D:3:      layout_basic, serial_shops, shop
D:4:      layout_basic, nicolae_uskayaw_suspiria, nicolae_gozag_seed_capital,
          serial_shops, nicolae_square_shop, uniq_edmund
D:5:      layout_rooms, fedhas_altar_1, minmay_temple_entry_junction_2
D:6:      layout_gridville, cheibriados_altar_1
D:7:      layout_cave_pools, regret_index_temple_of_mockery,
          nicolae_wu_jian_wuxing_cycle, uniq_maggie
Temple:   nicolae_temple_god_jail

Notes
Turn   | Place    | Note
-------+----------+-------------------------------------------
     0 | D:1      | ytrimaz the Formicid Fighter began the quest for the Orb.
     0 | D:1      | Reached XP level 1. HP: 18/18 MP: 1/1
     0 | D:1      | magus.rc [v1.9.6]
   163 | D:1      | Reached XP level 2. HP: 24/24 MP: 2/2
   298 | D:1      | You pick up a book of Burglary and begin reading...
   298 | D:1      | You add the spells Passwall and Ensorcelled Hibernation to
                  | your library.
   319 | D:1      | Reached skill level 3 in Axes
   495 | D:1      | Found Izesecvo's Assorted Antiques.
   543 | D:1      | Reached XP level 3. HP: 26/29 MP: 3/3
  1248 | D:2      | Reached skill level 4 in Axes
  1248 | D:2      | Reached XP level 4. HP: 35/35 MP: 4/4
  2001 | D:3      | Found Xes Dui's Antique Weapon Shoppe.
  2529 | D:4      | Found an opulent altar of Gozag.
  2589 | D:4      | Noticed a scorpion
  2604 | D:4      | Killed a scorpion
  2605 | D:4      | Reached skill level 5 in Axes
  2605 | D:4      | Reached XP level 5. HP: 39/41 MP: 5/5
  2742 | D:4      | Noticed a black bear
  2748 | D:4      | Killed a black bear
  2749 | D:4      | Reached skill level 6 in Axes
  2749 | D:4      | Reached XP level 6. HP: 43/47 MP: 6/6
  2791 | D:4      | Found Nauxkel's Weapon Boutique.
  2809 | D:4      | Noticed an ogre
  2824 | D:4      | Killed an ogre
  2958 | D:4      | Reached XP level 7. HP: 48/52 MP: 7/7
  2959 | D:4      | Reached skill level 7 in Axes
  3071 | D:4      | Noticed Edmund
  3086 | D:4      | Killed Edmund
  3151 | D:4      | Reached skill level 8 in Axes
  3299 | D:4      | Found a hide-covered altar of Uskayaw.
  3378 | D:4      | Identified the +1 helmet "Uvyexkog" {-Cast rF+++ rC+ rCorr}
  3393 | D:5      | Entered Level 5 of the Dungeon
  3394 | D:5      | Found a staircase to the Ecumenical Temple.
  3432 | Temple   | Entered the Ecumenical Temple
  3495 | Temple   | Became a worshipper of Warmaster Okawaru
  3576 | D:5      | Reached XP level 8. HP: 51/58 MP: 8/8
  3627 | D:5      | Found a blossoming altar of Fedhas.
  3861 | D:5      | Reached skill level 9 in Axes
  4272 | D:6      | Reached * piety under Okawaru
  4500 | D:6      | Reached skill level 10 in Axes
  4716 | D:6      | Found a snail-covered altar of Cheibriados.
  5033 | D:6      | HP: 12/58 [killer bee (3)]
  5040 | D:6      | HP: 10/58 [killer bee (8)]
  5042 | D:6      | HP: 3/58 [killer bee (4)]
  5325 | D:7      | Noticed Maggie
  5338 | D:7      | Reached XP level 9. HP: 31/64 MP: 9/9
  5340 | D:7      | HP: 15/64 [Maggie/+0 long sword (5)]
  5341 | D:7      | HP: 3/64 [steam dragon] (12)]
  5341 | D:7      | Slain by a steam dragon

Vanquished Creatures
  Edmund (D:4)
  2 water moccasins
  A black bear (D:4)
  An ogre (D:4)
  A phantom (D:4)
  2 scorpions
  3 killer bees (D:6)
  5 hounds (D:5)
  A jelly (D:6)
  An orc priest (D:7)
  4 iguanas
  2 orc wizards
  6 gnolls
  3 adders
  A shadow imp (D:7)
  2 white imps
  2 ufetubi
  2 worms (D:5)
  2 dart slugs
  11 orcs
  8 endoplasms
  2 giant cockroaches (D:1)
  7 hobgoblins
  7 jackals
  4 kobolds
  3 quokkas
  2 bats
  3 frilled lizards
  8 goblins
  5 rats
102 creatures vanquished.

Vanquished Creatures (others)
  13 plants (D:2)
13 creatures vanquished.

Grand Total: 115 creatures vanquished

Table legend:
 A = Non-vault XP
 B = Vault XP
 C = Vault XP percentage of total XP
 D = Non-vault monster count
 E = Vault monster count
 F = Vault count percentage of total count
                 A         B        C        D         E       F
            +---------+---------+-------+---------+---------+-------
      Total |    1844 |     162 |   8.1 |     101 |       1 |   1.0
            +---------+---------+-------+---------+---------+-------
        D:1 |      33 |       0 |   0.0 |      18 |       0 |   0.0
        D:2 |      50 |       0 |   0.0 |      21 |       0 |   0.0
        D:3 |      39 |       0 |   0.0 |      11 |       0 |   0.0
        D:4 |     577 |     162 |  21.9 |      16 |       1 |   5.9
        D:5 |     480 |       0 |   0.0 |      13 |       0 |   0.0
        D:6 |     567 |       0 |   0.0 |      16 |       0 |   0.0
        D:7 |      98 |       0 |   0.0 |       6 |       0 |   0.0
            +---------+---------+-------+---------+---------+-------

Illustrated notes

Table legend:
 A = Kills in this place as a percentage of kills in the entire game.
 B = Kills by you in this place as a percentage of kills by you in the entire game.
 C = Kills by friends in this place as a percentage of kills by friends in the entire game.
 D = Other kills in this place as a percentage of other kills in the entire game.
 E = Experience gained in this place as a percentage of experience gained in the entire game.
 F = Experience gained in this place divided by the number of levels of this place that you have seen.
                   A       B       C       D       E      F
               +-------+-------+-------+-------+-------+----------------------
         Total | 100.0 | 100.0 |   N/A |   N/A | 100.0 | 250.8
       Dungeon | 100.0 | 100.0 |   N/A |   N/A | 100.0 | 286.6
               +-------+-------+-------+-------+-------+----------------------

Table legend: (Time is in decaauts)
 A = Elapsed time spent in this place.
 B = Non-inter-level travel time spent in this place.
 C = Inter-level travel time spent in this place.
 D = Time resting spent in this place.
 E = Time spent auto-exploring this place.
 F = Levels seen in this place.
 G = Mean time per level.
                   A        B        C        D        E       F      G
               +--------+--------+--------+--------+--------+-----+--------+
         Total |   5434 |   5219 |    215 |    188 |   4015 |   8 |  679.2 |
       Dungeon |   5358 |   5177 |    181 |    188 |   3989 |   7 |  765.4 |
        Temple |     76 |     42 |     34 |      0 |     26 |   1 |   76.0 |
               +--------+--------+--------+--------+--------+-----+--------+

Top non-repeatable levels by time:
     D:6: 1144 daAuts
     D:1: 937 daAuts
     D:4: 935 daAuts
     D:3: 886 daAuts
     D:2: 716 daAuts
     D:5: 665 daAuts
  Temple: 76 daAuts
     D:7: 72 daAuts
